 Dungeon Crawl Stone Soup version 0.21.1-1-g345015fe64 (webtiles) character file.

7584 Jerry the Cleaver (level 11, -3/75 HPs)
             Began as a Halfling Berserker on Feb 16, 2018.
             Was an Elder of Trog.
             Slain by a six-headed hydra (12 damage)
             ... on level 1 of the Lair of Beasts.
             The game lasted 00:20:38 (9083 turns).

Jerry the Cleaver (Halfling Berserker)              Turns: 9083, Time: 00:20:39

Health: -3/75      AC: 15    Str: 19    XL:     11   Next: 40%
Magic:  11/11      EV: 15    Int:  6    God:    Trog [****..]
Gold:   469        SH:  4    Dex: 16    Spells: 10/10 levels left

rFire    . . .     SeeInvis .   a - +4 flail
rCold    . . .     Gourm    .   (shield restricted)
rNeg     . . .     Faith    .   j - +0 chain mail
rPois    .         Spirit   .   r - +0 helmet
rElec    .         Reflect  +   (no cloak)
rCorr    .         Harm     .   (no gloves)
MR       .....                  v - +1 pair of boots
Stlth    ..........             w - +4 amulet of reflection
HPRegen  0.22/turn              p - ring of stealth
MPRegen  0.12/turn              (no ring)

@: no status effects
A: small, mutation resistance 1
a: Berserk, Trog's Hand, Brothers in Arms, Burn Spellbooks, Renounce Religion


You were on level 1 of the Lair of Beasts.
You worshipped Trog.
Trog was greatly pleased with you.
You were not hungry.

You visited 2 branches of the dungeon, and saw 9 of its levels.

You collected 469 gold pieces.

Inventory:

Hand Weapons
 a - a +4 flail (weapon)
 B - a +0 war axe
Armour
 j - a +0 chain mail (worn)
 r - a +0 helmet (worn)
 v - a +1 pair of boots (worn)
Jewellery
 p - a ring of stealth (left hand)
 w - a +4 amulet of reflection (around neck)
Wands
 A - a wand of iceblast (4)
Scrolls
 b - a scroll of immolation {unknown}
 e - 2 scrolls of fog
 h - 5 scrolls of remove curse
 i - 2 scrolls of teleportation
 k - 4 scrolls of identify
 l - a scroll of blinking {unknown}
 s - a scroll of random uselessness {unknown}
 t - a scroll of fear
 y - a scroll of brand weapon {unknown}
 z - a scroll of silence {unknown}
 C - a scroll of noise {unknown}
Potions
 d - 4 potions of lignification {unknown}
 f - 2 potions of agility
 g - 2 potions of resistance
 m - 3 potions of heal wounds
 n - 2 potions of mutation {unknown}
 o - 6 potions of curing
 q - 2 potions of brilliance {unknown}
 u - 2 potions of ambrosia {unknown}
 x - a potion of degeneration {unknown}
 D - a potion of invisibility {unknown}
Comestibles
 c - 16 rations
 E - 4 chunks of flesh


   Skills:
 + Level 7.6 Fighting
 * Level 11.2 Axes
 + Level 8.8 Armour
 + Level 8.0 Dodging


You had 10 spell levels left.
You didn't know any spells.

Dungeon Overview and Level Annotations

Branches:
Dungeon (8/15)             Temple (0/1) D:5            Lair (1/6) D:8

Altars:
Elyvilon
Fedhas
Gozag
Hepliaklqana
Sif Muna
The Shining One


Innate Abilities, Weirdness & Mutations

You are small and have problems with some larger weapons.
You are somewhat resistant to further mutation.


Message History

The six-headed hydra bites you!
You hit the six-headed hydra.
The six-headed hydra is severely wounded.
The six-headed hydra closely misses you.
The six-headed hydra barely misses you.
The six-headed hydra bites you but does no damage. x3
The six-headed hydra closely misses you.
Your chain mail prevents you from hitting the six-headed hydra.
The six-headed hydra is heavily wounded.
The six-headed hydra bites you! The six-headed hydra misses you.
The six-headed hydra barely misses you.
The six-headed hydra completely misses you.
The six-headed hydra barely misses you. The six-headed hydra bites you!
* * * LOW HITPOINT WARNING * * *
You completely miss the six-headed hydra.
The six-headed hydra is heavily wounded.
The six-headed hydra bites you.
* * * LOW HITPOINT WARNING * * *
The six-headed hydra bites you!
You die...

### #P####
##....###.
##.........
##..........
##...........
#..!.........
##....@D......
#.............
#.............
###............
#..............
##..####...>..##
#..## ###...##
#..### ###.#
##....#### ##


You could see a six-headed hydra.

Vanquished Creatures
  Gastronok (D:8)
  A two-headed ogre (D:8)
  The ghost of Faustar the Cleaver, a novice DDGl of Elyvilon (D:5)
  An elephant (D:8)
  A rime drake (Lair:1)
  A hornet (D:8)
  2 hippogriffs
  A hungry ghost (D:7)
  A soldier ant (D:8)
  4 ice beasts
  2 orc warriors
  2 black bears
  An ogre (D:6)
  2 sky beasts
  2 phantoms
  A centaur (D:6)
  2 crocodiles (D:8)
  A big kobold (D:8)
  3 bullfrogs
  2 scorpions
  3 killer bees (D:8)
  4 wights (D:7)
  2 howler monkeys
  4 crimson imps
  A bullfrog zombie (D:5)
  A hound (D:8)
  A bullfrog skeleton (D:4)
  8 orc priests
  7 orc wizards
  A worker ant (D:7)
  3 hound zombies
  2 hound skeletons
  A worker ant zombie (D:8)
  3 gnolls
  8 adders
  An adder zombie (D:5)
  An ooze (D:2)
  An adder skeleton (D:4)
  4 worms
  10 leopard geckos
  27 orcs
  A ball python (D:3)
  7 bats
  10 giant cockroaches
  6 hobgoblins
  6 jackals
  12 kobolds
  4 quokkas
  12 frilled lizards
  9 goblins
  A quokka skeleton (D:4)
  4 rats
197 creatures vanquished.

Vanquished Creatures (collateral kills)
  Joseph (D:7)
  An orc warrior (D:7)
  A wyvern skeleton (D:7)
  An orc wizard (D:7)
  An adder skeleton (D:7)
  An orc (D:7)
6 creatures vanquished.

Grand Total: 203 creatures vanquished

Notes
Turn   | Place    | Note
-------+----------+-------------------------------------------
     0 | D:1      | Jerry the Halfling Berserker began the quest for the Orb.
     0 | D:1      | Reached XP level 1. HP: 15/15 MP: 1/1
   166 | D:1      | Reached XP level 2. HP: 12/20 MP: 2/2
   503 | D:1      | Reached XP level 3. HP: 25/25 MP: 3/3
   957 | D:2      | Reached ** piety under Trog
  1311 | D:2      | Reached XP level 4. HP: 22/31 MP: 4/4
  1504 | D:2      | Found a faded altar of an unknown god.
  1670 | D:2      | Reached skill level 4 in Axes
  1876 | D:3      | Reached XP level 5. HP: 36/36 MP: 5/5
  2471 | D:3      | Found a deep blue altar of Sif Muna.
  2754 | D:4      | Found an opulent altar of Gozag.
  2909 | D:4      | Reached *** piety under Trog
  2909 | D:4      | Reached XP level 6. HP: 42/42 MP: 6/6
  3285 | D:4      | Reached skill level 5 in Axes
  3639 | D:5      | Entered Level 5 of the Dungeon
  3686 | D:5      | HP: 2/43 [poisoned by a scorpion]
  3694 | D:5      | HP: 1/43 [poisoned by a scorpion]
  4066 | D:5      | Reached XP level 7. HP: 34/48 MP: 7/7
  4170 | D:5      | Found a blossoming altar of Fedhas.
  4305 | D:5      | Received a gift from Trog
  4421 | D:5      | Reached skill level 6 in Axes
  4451 | D:5      | Found a staircase to the Ecumenical Temple.
  4546 | D:5      | Noticed Faustar's ghost (novice DDGl)
  4566 | D:5      | Killed Faustar's ghost
  4566 | D:5      | Reached skill level 7 in Axes
  4566 | D:5      | Reached skill level 5 in Armour
  4566 | D:5      | Reached XP level 8. HP: 38/54 MP: 8/8
  4788 | D:5      | Found a hazy altar of Hepliaklqana.
  5082 | D:6      | Reached skill level 5 in Fighting
  5246 | D:6      | Reached XP level 9. HP: 61/61 MP: 9/9
  5628 | D:6      | Found a white marble altar of Elyvilon.
  5821 | D:6      | Reached skill level 8 in Axes
  5821 | D:6      | Reached skill level 5 in Dodging
  6280 | D:7      | Reached **** piety under Trog
  6534 | D:7      | Noticed Joseph
  6543 | D:7      | Killed Joseph
  6543 | D:7      | Reached skill level 9 in Axes
  6837 | D:7      | Reached XP level 10. HP: 64/68 MP: 10/10
  7510 | D:7      | You fall through a shaft!
  7799 | D:8      | Found a glowing golden altar of the Shining One.
  8175 | D:8      | Found a staircase to the Lair.
  8175 | D:8      | Noticed an elephant
  8187 | D:8      | Killed an elephant
  8187 | D:8      | Reached skill level 10 in Axes
  8238 | D:8      | Noticed a two-headed ogre
  8252 | D:8      | Killed a two-headed ogre
  8300 | D:8      | Noticed Gastronok
  8319 | D:8      | Killed Gastronok
  8319 | D:8      | Reached skill level 11 in Axes
  8319 | D:8      | Reached XP level 11. HP: 8/75 MP: 11/11
  9006 | Lair:1   | Entered Level 1 of the Lair of Beasts
  9073 | Lair:1   | Noticed a six-headed hydra
  9083 | Lair:1   | Slain by a six-headed hydra

Skill      XL: |  1  2  3  4  5  6  7  8  9 10 11 |
---------------+----------------------------------+-----
Fighting       | 3 4 5 6 7 |  7.6
Axes           | 4 5 7 9 11 | 11.2
Armour         | 3 4 5 6 8 |  8.8
Dodging        | 3 4 5 7 8 |  8.0

Action                   |  1- 3 |  4- 6 |  7- 9 | 10-12 || total
-------------------------+-------+-------+-------+-------++-------
Melee: Hand axe          |   119 |   268 |   269 |       ||   656
       War axe           |       |       |    72 |   206 ||   278
       Flail             |       |       |       |     7 ||     7
Invok: Berserk           |       |     2 |    11 |     8 ||    21
       Trog's Hand       |       |       |     1 |     1 ||     2
       Brothers in Arms  |       |       |     2 |       ||     2
       Burn Spellbooks   |       |       |       |     1 ||     1
  Use: Scroll            |       |     9 |     2 |     1 ||    12
       Potion            |       |       |     2 |       ||     2
  Eat: Chunk             |     1 |     9 |    11 |    12 ||    33
       Ration            |       |     1 |     3 |     1 ||     5
Armor: Animal skin       |     4 |       |       |       ||     4
       Chain mail        |    55 |   146 |   156 |    92 ||   449
Dodge: Dodged            |    66 |   166 |   131 |   141 ||   504
Block: Other             |       |       |    45 |    45 ||    90
